Monk Dude, lawful male human Monk ----------------------- -------- |.-..|..|..-....-..|..| |..-.... |.|..|..|..|....|..|..| |..|...| |.----|-----....----|--+-----...| |......%........................- |.-|-----+--.......---|--|---...| |.|..|..| |......{|....|...|...| |.|..|..| |.......|....|%%%|...| |.----|-----.%*....|.._.|%%%|...| |.............{....|....|%!%|...| |.-------+-------.----------|...| |.| |.| |((..|...| +.+ +.+ |.((.-&@.| |.| |.| |(((.|...| |.- -.- ------...| |. . ....| --- --- ------ Monk Dude the Novice Experience level: 4 Strength: 18 Dexterity: 16 Constitution: 11 Intelligence: 9 Wisdom: 13 Charisma: 9 Health: 0(26) Energy: 25(25) Def: 8 Gold: 300 Moves: 1200 Dungeon seed: OoSxO_aVIDRtz6bw Game ID: Monk Dude_1554735870 Your Inventory: Coins $ - 300 gold pieces Weapons s - a +0 dwarvish mattock Armor e - an uncursed +2 pair of leather gloves (being worn) n - an uncursed +1 robe (being worn) q - a cursed -1 orcish helm (being worn) y - an uncursed +0 dwarvish iron helm z - an uncursed +0 pair of iron shoes (being worn) Comestibles f - 7 uncursed food rations g - 6 uncursed apples h - 6 uncursed oranges i - 4 uncursed fortune cookies k - an uncursed clove of garlic l - an uncursed cream pie Scrolls b - an uncursed scroll of remove curse j - 2 uncursed scrolls of blank paper m - a blessed scroll of fire t - an uncursed scroll of identify Spellbooks a - a blessed spellbook of sleep o - a blessed spellbook of detect food Potions c - 2 uncursed potions of healing d - a blessed potion of healing Rings r - a blessed +0 ring of gain strength Tools u - an uncursed oil lamp (0:1167) (weapon in hand) v - an uncursed skeleton key Spells and supernatural/magical abilities: Name Level Category Fail Memory z - sleep 1 enchantment 0% 95% E - detect food 2 divination 77% 98% W - pray for help -- divine ? -- Your skills at the end: Fighting Skills martial arts [Basic] Weapon Skills Spellcasting Skills healing spells [Basic] Final Attributes: You were piously aligned. You were sleep resistant. You were poison resistant. You saw invisible. You were fast. You are dead. Vanquished creatures: 2 gnome lords 2 gnomish wizards a dwarf 2 giant rats a yellow mold 4 gnomes 3 garter snakes 6 jackals a goblin a sewer rat a grid bug a lichen 2 newts 27 creatures vanquished. Voluntary challenges: You followed a strict vegan diet. You never hit with a wielded weapon. You read items or engraved 3 times, starting on turn 666. You never genocided any monsters. You never polymorphed an object. You never changed form. You used no wishes. You never split a pudding. You never wrote Elbereth's name. You never violated your personal moral code. Dungeon overview: The Dungeons of Doom: levels 1 to 3 Level 1 a long staircase Level 2 Level 3 stairs to The Gnomish Mines The Gnomish Mines: levels 4 to 6 Level 4 stairs to The Dungeons of Doom Level 6 <- You were here some shops, a temple to Chih Sung-tzu, some fountains History has recorded: On T:1 you entered the Dungeons of Doom to retrieve the Amulet of Yendor! On T:257 you reached level 2 of The Dungeons of Doom. On T:579 you reached level 3 of The Dungeons of Doom. On T:800 you advanced to experience level 2. On T:872 you reached level 1 of The Gnomish Mines. On T:904 you advanced to experience level 3. On T:963 you advanced to experience level 4. On T:1048 you reached level 3 of The Gnomish Mines. Score breakdown: Gold: 300 ( 8431 points) Experience: 4 levels ( 9649 points) Exploration: 6 levels ( 12.77%) ( 9890 points) Discoveries: 6 items ( 2.14%) ( 4391 points) Valuables value: (no points given unless you survive) Artifact value: 0 ( 0 points) Variety of kills: 13 monsters ( 3.41%) ( 5541 points) Turncount: 1200 turns ( 0 points) Survival: died (score multiplied by 80%) Total score: 30321 Latest messages: s - a dwarvish mattock. You are now wielding your magic lamp. In a cloud of smoke, a djinni emerges! The djinni speaks. "You disturbed me, fool!" The djinni zaps an iridium wand! The magic missile hits you! The magic missile bounces! The magic missile hits you! You begin bashing monsters with your lamp. You hit the djinni. The djinni zaps a wand of magic missile! The magic missile hits you! The magic missile bounces! The magic missile whizzes by you! The magic missile hits the djinni! You hit the djinni. The djinni zaps a wand of magic missile! The magic missile hits you! You hear the howling of the CwnAnnwn... The magic missile bounces! The magic missile hits you! You die... Final status: Goodbye Monk Dude the Monk, killed by a magic missile... You died in The Gnomish Mines on dungeon level 6 with 30321 points, and 300 pieces of gold, after 1200 moves. You were level 4 with a maximum of 26 hit points when you died.